AoeStats
← tico do bar

Arabia

503833651Analyzed
1v1 RM · 1mo ago on Sep 2, 2026· 38m 2s· 2 players
Game mode
Random Map
Map size
Tiny (2 player)
Population
200
Speed
Normal
Resources
Standard
Victory
Conquest
Starting age
Dark Age
Ending age
Imperial Age
RankedLock teamsTeams togetherTeam positionsShared explorationLock speedFull tech treeHidden civsTurbo modeCheats
Victory
Defeat
🇧🇷 Magyars · Brazil
933
+16
🇫🇮 Vikings · Finland
933
-16
Petrilla
10:00 Feudal Age
12:55 Man-at-Arms
21:49 Castle Age
22:12 Scale Mail Armor
22:23 Forging
22:25 Long Swordsman
23:49 Squires
24:28 Iron Casting
29:13 Double-Bit Axe
29:33 Pikeman
30:41 Town Watch
32:19 Horse Collar
34:31 Heavy Plow
35:42 Fletching
tico do bar
5:25 Loom
9:36 Feudal Age
21:44 Castle Age
19:42 Horse Collar
20:30 Scale Barding Armor
20:37 Double-Bit Axe
22:27 Husbandry
26:58 Chain Barding Armor
29:18 Crossbowman
30:52 Bow Saw
32:30 Wheelbarrow
39:22 Imperial Age
Connection lost

Rejoining the realm…

Still unreachable

The connection could not be restored.

Session expired

The server has moved on; the page needs a fresh start.